 Dungeon Crawl Stone Soup version 0.28.0-62-gf88900778d (webtiles) character file.

Game seed: 2098870429928719171

128 cbfl8 the Skirmisher (level 4, 0/41 HPs)
             Began as a Minotaur Fighter on Sept 4, 2023.
             Killed from afar by an orc wizard (5 damage)
             ... with a puff of flame
             ... on level 3 of the Dungeon on Sept 5, 2023.
             The game lasted 00:03:15 (1958 turns).

cbfl8 the Skirmisher (Minotaur Fighter)             Turns: 1958, Time: 00:03:15

Health: 0/41       AC: 12    Str: 20    XL:     4   Next: 87%
Magic:  3/3        EV:  5    Int:  5    God:
Gold:   88         SH:  5    Dex: 12    Spells: 3/3 levels left

rFire   . . .      SeeInvis .   a - +0 war axe
rCold   . . .      Faith    .   c - +0 buckler
rNeg    . . .      Spirit   .   j - +0 plate armour
rPois   .          Reflect  .   (helmet restricted)
rElec   .          Harm     .   (no cloak)
rCorr   .          Rampage  .   (no gloves)
Will    .....                   (no boots)
Stlth   ..........              (no amulet)
HPRegen 0.13/turn               (no ring)
MPRegen 0.08/turn               (no ring)

@: mighty
A: horns 2, retaliatory headbutt
a: no special abilities


You were on level 3 of the Dungeon.
You visited 1 branch of the dungeon, and saw 3 of its levels.

You collected 88 gold pieces.

Inventory:

Hand Weapons
 a - a +0 war axe (weapon)
Armour
 c - a +0 buckler (worn)
 j - a +0 plate armour (worn)
Scrolls
 e - 2 scrolls of fog {unknown}
 f - 2 scrolls of identify {unknown}
Potions
 d - a potion of might
 g - a potion of ambrosia {unknown}
 h - 2 potions of curing {unknown}
 i - a potion of cancellation {unknown}


   Skills:
 + Level 4.4 Fighting
 + Level 4.2 Axes
 + Level 4.4 Armour
 + Level 0.5 Stealth
 + Level 4.3 Shields


You had 3 spell levels left.
You didn't know any spells.
Your spell library contained the following spells:

 Spells                   Type           Power      Damage    Failure   Level
 Animate Skeleton         Necr           0%         N/A       100%        1
 Pain                     Necr           0%         1d4       100%        1
 Vampiric Draining        Necr           0%         2d6       100%        3


Dungeon Overview and Level Annotations

Branches:
Dungeon (3/15)

Altars:


Innate Abilities, Weirdness & Mutations

You have a pair of horns on your head.
You reflexively headbutt those who attack you in melee.


Message History

Something hits you.
The orc wizard points at you and mumbles some strange words.
The magic dart hits you.
* * * LOW HITPOINT WARNING * * *
You completely miss something. Your headbutt misses something.
You hit the orc wizard.
You kill the orc wizard!
You closely miss the orc wizard. Something hits you but does no damage.
The orc wizard hits you but does no damage.
Something hits you but does no damage.
Unknown command.
You closely miss something. You slash the orc wizard!
You kill the orc wizard!
Something hits you.
* * * LOW HITPOINT WARNING * * *
Your Axes skill increases to level 4!
Unknown command.
You closely miss something. Something hits you.
* * * LOW HITPOINT WARNING * * *
You barely miss something. Your headbutt misses something.
Something hits you but does no damage. Something hits you.
* * * LOW HITPOINT WARNING * * *
Unknown command.
You miss something. Something hits you but does no damage.
You slash something!
You hear some strange, mumbled words.
You are confused.
You miss something.
Something hits you but does no damage. x2
Something hits you.
* * * LOW HITPOINT WARNING * * *
Things that are here:
a +0 dagger; a +0 robe; a +0 club You completely miss something.
Your headbutt misses something. Something hits you but does no damage.
You miss something. Your headbutt misses something.
You feel less confused.
You hear some strange, mumbled words.
A puff of flame appears from out of thin air!
The puff of flame hits you.
You die...

#########
#.......#
#.?.....#
#.......#
#.......#
#.......#
#.......#
#@......#
#){)....#
######.......##
...............
#######.####.#.
#####........
#......###.#.
#.####+###
#..........#


There were no monsters in sight!

Vanquished Creatures
  2 orc wizards (D:3)
  5 dart slugs
  3 orcs (D:3)
  4 ball pythons (D:1)
  9 endoplasms
  4 giant cockroaches
  5 goblins
  7 hobgoblins
  7 bats
  4 frilled lizards
  6 kobolds
  3 rats
59 creatures vanquished.

Vanquished Creatures (others)
  3 plants (D:1)
3 creatures vanquished.

Grand Total: 62 creatures vanquished

Notes
Turn   | Place    | Note
-------+----------+-------------------------------------------
     0 | D:1      | cbfl8 the Minotaur Fighter began the quest for the Orb.
     0 | D:1      | Reached XP level 1. HP: 19/19 MP: 0/0
   132 | D:1      | Reached XP level 2. HP: 27/27 MP: 1/1
   451 | D:1      | Reached XP level 3. HP: 33/33 MP: 2/2
  1678 | D:2      | Found a faded altar of an unknown god.
  1889 | D:3      | Reached XP level 4. HP: 40/40 MP: 3/3
  1958 | D:3      | Killed from afar by an orc wizard

Illustrated notes

Levels and vault maps discovered:
D:1:      dpeg_arrival_erosion, layout_basic, columned_hall_lemuel,
          serial_bayou_ford_a, minmay_misc_feat_alley, serial_park_tiny_pond,
          chequers_serial_rivers_micro_a
D:2:      layout_rooms, chequers_ecumenical_altar_grove, minmay_distorted
D:3:      kennysheep_slugbush, layout_basic, kennysheep_generic_room_8

Skill      XL: |  1  2  3  4 |
---------------+-------------+-----
Fighting       | 4 |  4.4
Shields        | 4 |  4.3
Armour         | 4 |  4.4
Axes           | 3 4 |  4.2
Stealth        | |  0.5

Action                   |  1- 3 |  4- 6 || total
-------------------------+-------+-------++-------
Melee: War axe           |   109 |    21 ||   130
       Headbutt          |    15 |     1 ||    16
  Use: Potion            |       |     1 ||     1
Armor: Scale mail        |    42 |       ||    42
       Plate armour      |    22 |    21 ||    43
Dodge: Dodged            |    57 |     2 ||    59
Block: Buckler           |    30 |     4 ||    34
